 Dungeon Crawl Stone Soup version 0.29.0-4-gdea44cf6ec (webtiles) character file.

Game seed: 8126875692782189966

91 qw the Chopper (level 4, -4/26 HPs)
             Began as a Tengu Warper on Aug 28, 2022.
             Slain by a sky beast (6 damage)
             ... on level 6 of the Dungeon.
             The game lasted 00:00:12 (2059 turns).

qw the Chopper (Tengu Warper)                       Turns: 2059, Time: 00:00:12

Health: -4/26      AC:  2    Str: 20    XL:     4   Next: 59%
Magic:  8/8        EV: 12    Int: 13    God:
Gold:   133        SH:  0    Dex: 11    Spells: 7/7 levels left

rFire   + . .      SeeInvis .   Y - +0 hand axe
rCold   . . .      Faith    .   (no shield)
rNeg    . . .      Spirit   .   b - +0 robe "Waqaylie" {rPois rF+ Dex-2}
rPois   +          Reflect  .   (helmet restricted)
rElec   .          Harm     .   (no cloak)
rCorr   .          Rampage  .   (no gloves)
Will    .....                   (boots unavailable)
Stlth   +.........              (no amulet)
HPRegen 0.08/turn               d - +6 ring of strength
MPRegen 0.11/turn               j - +4 ring of slaying {mikee}

@: no status effects
A: beak, talons 3
a: no special abilities


You were on level 6 of the Dungeon.
You visited 1 branch of the dungeon, and saw 4 of its levels.

You collected 133 gold pieces.


Innate Abilities, Weirdness & Mutations

You have a beak for a mouth.
You have claws for feet.


   Skills:
 - Level 2.0 Fighting
 + Level 5.1 Axes
 - Level 1.0 Throwing
 - Level 1.1 Armour
 - Level 2.1 Dodging
 - Level 2.0 Spellcasting
 - Level 2.4 Translocations


You had 7 spell levels left.
You didn't know any spells.
Your spell library contained the following spells:

 Spells                   Type           Power      Damage    Failure   Level
 Blink                    Tloc           14%        N/A       14%         2
 Gell's Gravitas          Tloc           7%         N/A       28%         3
 Lesser Beckoning         Tloc           7%         N/A       28%         3
 Teleport Other           Tloc           7%         N/A       28%         3
 Manifold Assault         Tloc           7%         N/A       95%         5

Inventory:

Hand Weapons
 h - a +0 whip
 Y - a +0 hand axe (weapon)
Armour
 b - the +0 robe "Waqaylie" (worn) {rPois rF+ Dex-2}
   (You found it on level 2 of the Dungeon)

   Dex:       It affects your dexterity (-2).
   rF:        It protects you from fire.
   rPois:     It protects you from poison.
 e - a +0 ring mail
Jewellery
 d - a +6 ring of strength (left hand)
 j - a +4 ring of slaying (right hand) {mikee}
Potions
 c - a potion of lignification {unknown}
 g - a potion of curing {unknown}
 i - a potion of flight {unknown}
 l - a potion of magic {unknown}

Dungeon Overview and Level Annotations

Branches:
Dungeon (6/15)
 Temple: D:4-7

Altars:


Message History

(1) D:2 (2) D:1 Assign waypoint to what number? (0-9, D - delete waypoint) Waypoint 2 re-assigned from D:1 to D:3.
A sourceless malevolence fills the Dungeon...
You fall into a shaft and drop 3 floors!
The shaft crumbles and collapses.
Found 5 stones.
Found a stone staircase leading down.
Existing waypoints: (1) D:2 (2) D:3 Assign waypoint to what number? (0-9, D - delete waypoint) Waypoint 1 re-assigned from D:2 to D:6.
Enter note:
Found a stone staircase leading down.
Found a stone staircase leading up.
(D) Dungeon
Where to? (* - list waypoints, Enter - D:3, ? - help)
What level of the Dungeon? (default 1, ? - help)
Found a scroll of teleportation.
A sky beast comes into view.
Found a cloak.
Found an escape hatch in the floor.
You barely miss the sky beast. The sky beast hits you.
The sky beast shocks you.
You hit the sky beast. Your kick misses the sky beast.
You peck the sky beast, but do no damage.
You punch the sky beast.
The sky beast is moderately wounded.
The sky beast flickers out of sight!
Deactivating autopickup; reactivate with Ctrl-A.
Something barely misses you.
You closely miss something. You peck something.
A jelly comes into view.
Something hits you. Something shocks you.
2056 ||| Stepping ~*~*~tactically~*~*~ (stealth).
Something hits you but does no damage.
2057 ||| Stepping ~*~*~tactically~*~*~ (stealth).
2058 ||| Stepping ~*~*~tactically~*~*~ (stealth).
Something hits you. Something shocks you.
The jelly quivers.
Something hits you. Something shocks you.
You die...

.....>... ...##
..............#
.#......#...?.#
[.........J..##
#.....#>.....#
##............
#...?...(..... #
#........# #.
#......{@#
.###.##........#.
......................
#..........>..##.....
#.............# ###.
#.............#
#.............#
###############


You could see a jelly.

Vanquished Creatures
  4 adders (D:2)
  3 dart slugs (D:1)
  4 endoplasms
  2 giant cockroaches
  6 goblins (D:1)
  4 hobgoblins
  4 quokkas (D:1)
  A ball python (D:1)
  7 bats
  4 frilled lizards
  4 kobolds (D:1)
  4 rats
47 creatures vanquished.

Notes
Turn   | Place    | Note
-------+----------+-------------------------------------------
     0 | D:1      | qw the Tengu Warper began the quest for the Orb.
     0 | D:1      | Reached XP level 1. HP: 12/12 MP: 4/4
     0 | D:1      | 0 ||| qw: Version: 0.1-a-89-g26bdef1
     0 | D:1      | 0 ||| qw: Game counter: 1031
     0 | D:1      | 0 ||| qw: Always use a shield: true
     0 | D:1      | 0 ||| qw: God list: Okawaru
     0 | D:1      | 0 ||| qw: Allow faded altars: false
     0 | D:1      | 0 ||| qw: Do Orc after D:15 true
     0 | D:1      | 0 ||| qw: Do second Lair branch before Depths: true
     0 | D:1      | 0 ||| qw: Lair rune preference: random
     0 | D:1      | 0 ||| qw: Plans: Normal
     0 | D:1      | 0 ||| PLANNING D:1-11
   122 | D:1      | HP: 2/12 [quokka (3)]
   128 | D:1      | Reached skill level 3 in Axes
   128 | D:1      | Reached XP level 2. HP: 3/17 MP: 6/6
   536 | D:1      | 536 ||| Stepping ~*~*~tactically~*~*~ (hiding).
   669 | D:1      | 669 ||| DROPPING +0 club.
   698 | D:1      | Reached XP level 3. HP: 20/21 MP: 7/7
   788 | D:1      | Reached skill level 4 in Axes
   957 | D:1      | 957 ||| Stepping ~*~*~tactically~*~*~ (stealth).
  1250 | D:1      | 1250 ||| UPGRADING to +0 ring mail.
  1260 | D:1      | 1260 ||| DROPPING +0 leather armour.
  1261 | D:1      | 1261 ||| UPGRADING to +6 ring of strength.
  1262 | D:1      | 1262 ||| UPGRADING to +4 ring of slaying {mikee}.
  1263 | D:1      | 1263 ||| READING scroll labelled QEUFUD KIPSACE.
  1267 | D:1      | 1267 ||| READING scroll labelled QESACH YMUSIFE.
  1368 | D:1      | 1368 ||| DROPPING scroll of blinking.
  1418 | D:2      | 1418 ||| STAIRDANCE
  1502 | D:2      | Identified the +0 robe "Waqaylie" {rPois rF+ Dex-2}
  1657 | D:2      | Found a faded altar of an unknown god.
  1663 | D:2      | Reached XP level 4. HP: 26/26 MP: 8/8
  1718 | D:2      | 1718 ||| Stepping ~*~*~tactically~*~*~ (stealth).
  1729 | D:2      | 1729 ||| Stepping ~*~*~tactically~*~*~ (stealth).
  1750 | D:2      | Reached skill level 5 in Axes
  2010 | D:2      | 2010 ||| UPGRADING to +0 robe "Waqaylie" {rPois rF+ Dex-2}.
  2020 | D:2      | 2020 ||| READING scroll labelled ZABIME EFOITZ.
  2021 | D:2      | 2021 ||| READING scroll labelled ATTECERPHU DOECW.
  2022 | D:2      | 2022 ||| READING scroll labelled RICKABROIL.
  2023 | D:2      | 2023 ||| READING scroll labelled FUKHAT AREUCKA.
  2042 | D:3      | You fall into a shaft and drop 3 floors!
  2047 | D:6      | Noticed a sky beast
  2056 | D:6      | 2056 ||| Stepping ~*~*~tactically~*~*~ (stealth).
  2057 | D:6      | 2057 ||| Stepping ~*~*~tactically~*~*~ (stealth).
  2058 | D:6      | 2058 ||| Stepping ~*~*~tactically~*~*~ (stealth).
  2058 | D:6      | HP: 4/26 [something (5)]
  2059 | D:6      | Slain by a sky beast

Levels and vault maps discovered:
D:1:      shiori_shiawase, layout_loops_ring
D:2:      layout_basic, basic_ecumenical_altar, grunt_decor_cap
D:3:      layout_basic, grunt_temple_overflow_open
D:6:      layout_rooms, uniq_grinder

Skill      XL: |  1  2  3  4 |
---------------+-------------+-----
Axes           | 3 4 5 |  5.1
Fighting       | |  2.0
Throwing       | |  1.0
Armour         | |  1.1
Dodging        | |  2.1
Spellcasting   | |  2.0
Translocations | |  2.4

Action                   |  1- 3 |  4- 6 || total
-------------------------+-------+-------++-------
Melee: Hand axe          |    76 |    19 ||    95
       Kick              |    15 |     3 ||    18
       Punch             |     1 |     2 ||     3
       Peck              |     9 |     6 ||    15
Throw: Boomerang         |     7 |       ||     7
  Use: Scroll            |     2 |     4 ||     6
Armor: Leather armour    |    32 |       ||    32
       Ring mail         |     3 |     1 ||     4
       Robe              |       |     1 ||     1
Dodge: Dodged            |    44 |     9 ||    53

Table legend:
 A = Non-vault XP
 B = Vault XP
 C = Vault XP percentage of total XP
 D = Non-vault monster count
 E = Vault monster count
 F = Vault count percentage of total count
                 A         B        C        D         E       F
            +---------+---------+-------+---------+---------+-------
      Total |     131 |       0 |   0.0 |      47 |       0 |   0.0
            +---------+---------+-------+---------+---------+-------
        D:1 |      63 |       0 |   0.0 |      34 |       0 |   0.0
        D:2 |      68 |       0 |   0.0 |      13 |       0 |   0.0
            +---------+---------+-------+---------+---------+-------
